 Dungeon Crawl Stone Soup version 0.27.1-1-g398f81649c (webtiles) character file.

Game seed: 2886646730361417063

2652 Kala the Cleaver (level 9, -7/115 (127) HPs)
             Began as a Deep Dwarf Berserker on Sept 6, 2021.
             Was a Priest of Trog.
             Mangled by an orc warrior (13 damage)
             ... on level 7 of the Dungeon.
             The game lasted 00:20:25 (4533 turns).

Kala the Cleaver (Deep Dwarf Berserker)             Turns: 4533, Time: 00:20:26

HP:   -7/115 (127)  AC: 10    Str: 25    XL:     9   Next: 36%
MP:   6/6           EV: 10    Int:  7    God:    Trog [***...]
Gold: 290           SH:  0    Dex: 12    Spells: 8/8 levels left

rFire    + . .     SeeInvis .   a - +0 hand axe
rCold    . . .     Faith    .   (no shield)
rNeg     . . .     Spirit   .   l - +0 chain mail
rPois    .         Reflect  .   (no helmet)
rElec    .         Harm     .   (no cloak)
rCorr    .         Rampage  .   (no gloves)
Will     +++..                  (no boots)
Stlth    ..........             (no amulet)
HPRegen  1.00/turn              f - ring of flight
MPRegen  0.10/turn              m - ring of protection from fire

@: berserking, strong-willed (expiring), flying, regenerating (expiring),
drained, very quick
A: damage resistance, heal wounds, sense surroundings 2, no regeneration
a: Heal Wounds, Renounce Religion, Berserk, Trog's Hand


You were on level 7 of the Dungeon.
You worshipped Trog.
Trog was most pleased with you.
You visited 1 branch of the dungeon, and saw 8 of its levels.

You collected 290 gold pieces.

Inventory:

Hand Weapons
 a - a +0 hand axe (weapon)
Armour
 l - a +0 chain mail (worn)
Jewellery
 f - a ring of flight (left hand)
 m - a ring of protection from fire (right hand)
Wands
 o - a wand of charming (9)
 p - a wand of iceblast (13)
 u - a wand of flame (9)
Scrolls
 d - 14 scrolls of identify {unknown}
 e - 2 scrolls of fog {unknown}
 g - 2 scrolls of enchant armour {unknown}
 i - a scroll of brand weapon {unknown}
 k - a scroll of noise {unknown}
 n - a scroll of magic mapping {unknown}
 r - a scroll of blinking {unknown}
 s - a scroll of torment {unknown}
 v - 2 scrolls of vulnerability {unknown}
Potions
 b - 2 potions of haste {unknown}
 c - 3 potions of lignification {unknown}
 h - a potion of cancellation {unknown}
 j - 3 potions of curing {unknown}
 q - a potion of flight {unknown}
 t - a potion of attraction {unknown}


   Skills:
 * Level 6.8 Fighting
 * Level 8.2 Axes
 + Level 5.7 Armour
 + Level 5.7 Dodging
 + Level 6.1 Evocations


You had 8 spell levels left.
You didn't know any spells.
Your spell library was empty.

Dungeon Overview and Level Annotations

Branches:
Dungeon (8/15)             Temple (0/1) D:5
   Lair: D:8-11

Altars:
Elyvilon
Fedhas
Makhleb
Ru
Trog
Uskayaw
Vehumet
Zin

Shops:
D:4 ?


Innate Abilities, Weirdness & Mutations

You are resistant to damage.
You can heal yourself by infusing magical energy.
You passively map the area around you.
You do not regenerate.


Message History

You hit the human skeleton.
You destroy the human skeleton!
Trog accepts your kill.
The orc warrior hits you from afar with a +0 trident!
* * * LOW HITPOINT WARNING * * *
As you open the door, it creaks loudly!
The orc warrior hits you from afar with a +0 trident!
* * * LOW HITPOINT WARNING * * *
There is an open door here.
You don't know any spells.
Your skin crawls.
You feel strong-willed.
You hear the slow hiss of an avalanche of sand.
The orc warrior hits you from afar with a +0 trident.
* * * LOW HITPOINT WARNING * * *
You feel much better.
The orc warrior hits you from afar with a +0 trident!
* * * LOW HITPOINT WARNING * * *
A red film seems to cover your vision as you go berserk!
You feel yourself moving faster!
You feel mighty!
You feel the effects of Trog's Hand fading.
The orc warrior barely misses you.
You feel a strong urge to attack something.
The orc warrior hits you with a +0 trident!
* * * LOW HITPOINT WARNING * * *
You hit the orc warrior but do no damage.
The orc warrior hits you with a +0 trident!
* * * LOW HITPOINT WARNING * * *
You barely miss the orc warrior. You hit the orc warrior.
The orc warrior is lightly wounded.
The orc warrior hits you with a +0 trident.
* * * LOW HITPOINT WARNING * * *
You hit the orc warrior but do no damage.
The orc warrior is lightly wounded.
The orc priest looks encouraged for a moment.
Your chain mail prevents you from hitting the orc warrior.
The orc warrior is lightly wounded.
The orc warrior hits you with a +0 trident!
You die...

...#######...##.##.##.#
, ...##........#...#.#
, * *
...##.############.# ,*
,* .......# #.# ,
#..##..# **#+#+* #.#*,
, * #..##..# +...+ #o#
, , , , ..<....# *
#...###.# ***
#..#...### +...'.#o#
#..).....#*#+#+#@#.# #
####.).(.# #o#.##.#
####.>...# #o#....# * ,
........## #o#.####
####..### #...# *
#..##### ###o#
#......### #.# , ,
##.#.....# #.# ,, ,
#.#.###.### ##.# * * ,


You could see an orc warrior, an orc priest and an orc.

Vanquished Creatures
  2 steam dragons
  A water moccasin (D:4)
  2 ice beasts
  A black bear (D:4)
  A necrophage (D:4)
  5 ogres
  A centaur (D:5)
  A kobold brigand (D:6)
  A water moccasin zombie (D:5)
  2 scorpions
  A water moccasin skeleton (D:6)
  A wyvern skeleton (D:6)
  5 wights
  3 howler monkeys
  A centaur zombie (D:7)
  A jelly (D:4)
  6 hounds
  2 centaur skeletons (D:6)
  A human skeleton (D:7)
  Natasha (twice) (D:4)
  5 iguanas
  An orc wizard (D:3)
  A killer bee zombie (D:5)
  3 hound skeletons
  Robin (D:2)
  8 adders
  3 white imps
  3 ufetubi
  An adder skeleton (D:4)
  3 worms
  A dart slug (D:1)
  8 orcs
  5 ball pythons
  3 endoplasms
  5 giant cockroaches
  13 goblins
  6 hobgoblins
  7 jackals
  2 quokkas (D:1)
  2 bats (D:1)
  A frilled lizard (D:1)
  9 kobolds
  6 rats
137 creatures vanquished.

Vanquished Creatures (others)
  5 plants (D:7)
5 creatures vanquished.

Grand Total: 142 creatures vanquished

Notes
Turn   | Place    | Note
-------+----------+-------------------------------------------
     0 | D:1      | Kala the Deep Dwarf Berserker began the quest for the Orb.
     0 | D:1      | Reached XP level 1. HP: 20/20 MP: 1/1
   178 | D:1      | Reached XP level 2. HP: 27/27 MP: 2/2
   711 | D:2      | Noticed Robin
   725 | D:2      | Killed Robin
   726 | D:2      | Reached skill level 1 in Evocations
   726 | D:2      | Reached XP level 3. HP: 9/34 MP: 3/3
   728 | D:2      | Reached ** piety under Trog
   732 | D:2      | HP: 1/34 [goblin/stone[Robin] (5)]
   931 | D:2      | Reached skill level 4 in Axes
   931 | D:2      | Reached XP level 4. HP: 40/42 MP: 3/3
  1477 | D:3      | Found a hide-covered altar of Uskayaw.
  1511 | D:3      | Found a faded altar of an unknown god.
  1967 | D:3      | Reached XP level 5. HP: 25/49 MP: 4/4
  2184 | D:4      | Noticed a black bear
  2191 | D:4      | Killed a black bear
  2192 | D:4      | Reached XP level 6. HP: 54/57 MP: 5/5
  2262 | D:4      | Found a bloodstained altar of Trog.
  2304 | D:4      | Reached skill level 5 in Axes
  2409 | D:4      | Found a glowing silver altar of Zin.
  2457 | D:4      | Found a white marble altar of Elyvilon.
  2459 | D:4      | Noticed Natasha
  2465 | D:4      | Killed Natasha
  2669 | D:4      | Found Lurupup's Magic Scroll Emporium.
  2690 | D:4      | Reached XP level 7. HP: 26/66 MP: 6/6
  2785 | D:4      | Found a burning altar of Makhleb.
  2828 | D:4      | Found a radiant altar of Vehumet.
  2928 | D:5      | Entered Level 5 of the Dungeon
  3012 | D:4      | Reached skill level 5 in Fighting
  3012 | D:4      | Reached skill level 6 in Axes
  3035 | D:5      | Reached XP level 8. HP: 51/74 MP: 7/7
  3106 | D:5      | Reached *** piety under Trog
  3126 | D:4      | Noticed Natasha
  3152 | D:4      | Reached skill level 7 in Axes
  3152 | D:4      | Reached skill level 5 in Evocations
  3184 | D:4      | Killed Natasha
  3289 | D:5      | Found a staircase to the Ecumenical Temple.
  3427 | D:5      | Reached skill level 5 in Armour
  3473 | D:5      | Found a blossoming altar of Fedhas.
  3498 | D:5      | Reached skill level 5 in Dodging
  3648 | D:6      | Found a sacrificial altar of Ru.
  3902 | D:6      | Gained mutation: You passively map the area around you.
                  | [Deep Dwarf growth]
  3902 | D:6      | Reached XP level 9. HP: 36/82 MP: 8/8
  3958 | D:6      | HP: 4/85 [iguana (3)]
  4388 | D:7      | Reached skill level 8 in Axes
  4525 | D:7      | HP: 3/77 [orc warrior (4)]
  4531 | D:7      | HP: 5/115 [orc warrior (1)]
  4533 | D:7      | Mangled by an orc warrior

Illustrated notes

Levels and vault maps discovered:
D:1:      dpeg_arrival_erosion, layout_loops_ring, minmay_misc_feat_columns
D:2:      layout_basic, uniq_robin
D:3:      wad_pebble_path, layout_basic, nicolae_uskayaw_dance_hall,
          ebering_ecumenical_altar_hall, serial_curves, eino_curves_04,
          eino_curves_01, eino_curves_04
D:4:      layout_cave_pools, elyvilon_altar_1, makhleb_blood_cavern_becter,
          nicolae_vehumet_altar_sigil, trog_three_pillars_becter,
          mainiacjoe_overflow_alcove_2, serial_shops, nicolae_shop_trees,
          grunt_ministairs_6, uniq_natasha
D:5:      cheibrodos_barr_body, layout_rooms, fedhas_altar_2,
          minmay_temple_entry_wispy
D:6:      layout_loops_ring, nicolae_ru_sacrificial_ziggurat
D:7:      layout_loops_ring, mainiacjoe_overflow_chevrons,
          nicolae_ossuary_entry_catacombs
D:8:      layout_basic

Skill      XL: |  1  2  3  4  5  6  7  8  9 |
---------------+----------------------------+-----
Fighting       | 3 4 5 6 |  6.8
Evocations     | 1 2 3 4 5 6 |  6.1
Axes           | 4 5 6 7 8 |  8.2
Dodging        | 3 4 5 |  5.7
Armour         | 3 4 5 |  5.7

Action                   |  1- 3 |  4- 6 |  7- 9 || total
-------------------------+-------+-------+-------++-------
Melee: Hand axe          |    97 |   165 |   329 ||   591
Invok: Berserk           |     1 |     3 |     9 ||    13
       Trog's Hand       |     1 |       |     4 ||     5
 Abil: Heal Wounds       |     2 |     2 |    12 ||    16
Armor: Animal skin       |    27 |     4 |       ||    31
       Chain mail        |       |    53 |   178 ||   231
Dodge: Dodged            |    90 |    92 |   182 ||   364
